 Dungeon Crawl Stone Soup version 0.26.0-16-gc1dbca0489 (webtiles) character file.

Game seed: 14297677655107718805

898 hatsuma the Fighter (level 7, -3/69 HPs)
             Began as a Minotaur Berserker on Jan 20, 2021.
             Was a Priest of Trog.
             Shot with an arrow by a centaur (7 damage)
             ... on level 7 of the Dungeon.
             The game lasted 00:21:15 (4280 turns).

hatsuma the Fighter (Minotaur Berserker)            Turns: 4280, Time: 00:21:17

Health: -3/69      AC:  5    Str: 22    XL:     7   Next: 79%
Magic:  6/6        EV: 12    Int:  4    God:    Trog [***...]
Gold:   208        SH:  0    Dex: 11    Spells: 6/6 levels left

rFire    . . .     SeeInvis .   a - +0 falchion (curse)
rCold    . . .     Faith    .   (no shield)
rNeg     . . .     Spirit   .   u - +0 troll leather armour {Purgy}
rPois    .         Reflect  .   (helmet restricted)
rElec    .         Harm     .   o - +0 cloak
rCorr    .         Rampage  .   (no gloves)
Will     .....                  (no boots)
Stlth    +.........             (no amulet)
HPRegen  0.61/turn              (no ring)
MPRegen  0.10/turn              (no ring)

@: lethally poisoned (-3 -> -3)
A: retaliatory headbutt, horns 2
a: Renounce Religion, Berserk, Trog's Hand


You were on level 7 of the Dungeon.
You worshipped Trog.
Trog was most pleased with you.
You visited 1 branch of the dungeon, and saw 7 of its levels.
You also visited: Sewer.

You collected 208 gold pieces.

Inventory:

Hand Weapons
 a - a cursed +0 falchion (weapon)
 b - a +0 shortbow
 n - a +0 rapier
 r - the +4 dagger of Resumed Hostilities {holy, +Fly rC+ Str+4, unknown}
   (You found it on level 4 of the Dungeon)

   It has been blessed by the Shining One to cause great damage to the undead
   and demons.
   It affects your strength (+4).
   It protects you from cold.
   It lets you fly.
 t - a +0 long sword
 w - a +0 great sword
Missiles
 f - 37 bolts
 p - 20 sling bullets
 y - 74 arrows
Armour
 k - a +0 chain mail
 o - a +0 cloak (worn)
 u - a +0 troll leather armour (worn) {Purgy}
 C - a +0 plate armour
Jewellery
 A - an uncursed ring of magical power {unknown}
 B - an uncursed amulet of magic regeneration {unknown}
Wands
 z - a wand of random effects (19)
Scrolls
 g - 2 scrolls of magic mapping
 h - a scroll of fear {unknown}
 i - 3 scrolls of teleportation
 j - a scroll of enchant weapon {unknown}
 m - 2 scrolls of remove curse
 q - a scroll of noise {unknown}
 v - a scroll of blinking {unknown}
Potions
 c - a potion of resistance {unknown}
 d - a potion of attraction {unknown}
 e - a potion of curing {unknown}
 l - 2 potions of invisibility {unknown}
 s - a potion of haste {unknown}
 x - 2 potions of flight {unknown}


   Skills:
 + Level 8.7 Fighting
 - Level 7.1 Long Blades
 - Level 4.3 Armour
 - Level 2.1 Dodging


You had 6 spell levels left.
You didn't know any spells.
Your spell library was empty.

Dungeon Overview and Level Annotations

Branches:
Dungeon (7/15)             Temple (0/1) D:4           Sewer (visited)

Altars:
Ashenzari
Ru
Sif Muna
Wu Jian


Innate Abilities, Weirdness & Mutations

You reflexively headbutt those who attack you in melee.
You have a pair of horns on your head.


Message History

An adder comes into view.
You feel sick.
You feel sick.
You feel sick.
There is a stone staircase leading down here.
You feel sick.
You climb downwards.
A bullfrog comes into view.
You feel sick.
The bullfrog croaks.
You hear a shout!
There is a stone staircase leading up here.
You feel sick.
A centaur comes into view.
You hit the bullfrog. Your headbutt misses the bullfrog.
The bullfrog is moderately wounded.
The bullfrog hits you!
* * * LOW HITPOINT WARNING * * *
The centaur wields a +0 shortbow.
The centaur shoots an arrow.
The arrow hits you!
You die...

## ##
##. .##
##.c
..##
...♣...
#F..#
#.@.#
#.<.#
#...#
#...#
..♣..
#.. ..#
##. .##
## ##


You could see a bullfrog and a centaur.

Vanquished Creatures
  An ice beast (D:6)
  Purgy (Sewer)
  3 centaurs
  A scorpion (D:6)
  A jelly (D:5)
  Jessica (D:2)
  An iguana (D:4)
  An orc wizard (D:3)
  4 worker ants
  A hound zombie (D:5)
  A hound skeleton (D:4)
  9 adders
  2 white imps
  An ooze (D:1)
  2 worms
  A dart slug (D:3)
  A leopard gecko (D:5)
  6 orcs
  7 bats
  6 giant cockroaches
  6 hobgoblins
  11 kobolds
  3 quokkas (D:2)
  2 ball pythons
  7 frilled lizards
  10 goblins
  A leopard gecko skeleton (D:4)
  13 rats
104 creatures vanquished.

Vanquished Creatures (others)
  10 plants
10 creatures vanquished.

Grand Total: 114 creatures vanquished

Notes
Turn   | Place    | Note
-------+----------+-------------------------------------------
     0 | D:1      | hatsuma the Minotaur Berserker began the quest for the Orb.
     0 | D:1      | Reached XP level 1. HP: 19/19 MP: 0/0
   144 | D:1      | Reached XP level 2. HP: 26/26 MP: 1/1
   541 | D:1      | Reached skill level 5 in Long Blades
   591 | D:1      | Reached XP level 3. HP: 26/31 MP: 2/2
  1173 | D:2      | Reached ** piety under Trog
  1288 | D:2      | Noticed Jessica
  1317 | D:2      | Killed Jessica
  1318 | D:2      | Reached XP level 4. HP: 11/39 MP: 3/3
  1647 | D:2      | Found an ornate altar of the Wu Jian Council.
  1800 | D:2      | Found a shimmering blue altar of Sif Muna.
  1901 | D:2      | Reached skill level 4 in Fighting
  2166 | D:3      | Reached XP level 5. HP: 35/46 MP: 4/4
  2377 | D:3      | Found a broken altar of Ashenzari.
  2379 | D:3      | Found a sacrificial altar of Ru.
  2590 | D:3      | Reached *** piety under Trog
  2866 | D:4      | Got a scorched dagger
  2924 | D:4      | Reached skill level 5 in Fighting
  3032 | D:4      | Found a glowing drain.
  3047 | Sewer    | Entered a sewer
  3051 | Sewer    | Noticed Purgy
  3054 | Sewer    | Killed Purgy
  3055 | Sewer    | Reached XP level 6. HP: 56/56 MP: 5/5
  3372 | D:4      | Found a staircase to the Ecumenical Temple.
  3862 | D:5      | Entered Level 5 of the Dungeon
  3873 | D:5      | Reached skill level 6 in Fighting
  3880 | D:5      | Reached XP level 7. HP: 24/64 MP: 6/6
  3999 | D:5      | Reached skill level 7 in Fighting
  4268 | D:6      | Reached skill level 8 in Fighting
  4280 | D:7      | Shot with an arrow by a centaur

Illustrated notes

Levels and vault maps discovered:
D:1:      roderic_crop_circles_arrival_large, layout_loops_ring
D:2:      layout_basic, overflow_temple_1_default, lemuel_blue_sif_altar,
          minmay_pentomino_o4, uniq_jessica
D:3:      layout_loops_ring, grunt_temple_overflow_open
D:4:      layout_loops_corners, minmay_temple_entry_gardened_gates,
          portal_sewer_entry_b, serial_bayou_pond_a, kennysheep_generic_room_5
D:5:      layout_rooms, roderic_batcave, guppyfry_early_orc_mine
D:6:      layout_basic, hangedman_decor_riveting, hangedman_minor_gate_pass
D:7:      layout_cave_pools, kennysheep_mini_moat,
          gammafunk_ghost_wrathful_warriors, serial_park_tiny_1,
          grunt_ministairs_15, kennysheep_nub, minmay_misc_feat_iff

Skill      XL: |  1  2  3  4  5  6  7 |
---------------+----------------------+-----
Long Blades    | 4 5 6 7 |  7.1
Armour         | 3 4 |  4.3
Fighting       | 4 5 6 8 |  8.7
Dodging        | |  2.1

Action                   |  1- 3 |  4- 6 |  7- 9 || total
-------------------------+-------+-------+-------++-------
Melee: Falchion          |    98 |   127 |    49 ||   274
       Headbutt          |    10 |    35 |    16 ||    61
Invok: Berserk           |       |     1 |       ||     1
       Trog's Hand       |       |     1 |       ||     1
  Use: Scroll            |     2 |     3 |       ||     5
Armor: Animal skin       |     7 |       |       ||     7
       Chain mail        |    18 |    55 |       ||    73
       Troll leather arm |       |    10 |    13 ||    23
Dodge: Dodged            |    39 |    60 |    20 ||   119
       Rpst.: Falchion   |    10 |    22 |     9 ||    41
